 Dungeon Crawl Stone Soup version 0.23-a0-241-g3b46b07 (webtiles) character file.

15140 EvilAliv3 the Protected (level 11, -2/133 HPs)
             Began as a Demonspawn Wanderer on Sept 23, 2018.
             Slain by a killer bee (6 damage)
             ... on level 2 of the Lair of Beasts on Sept 26, 2018.
             The game lasted 01:54:49 (13068 turns).

EvilAliv3 the Protected (Demonspawn Wanderer)      Turns: 13068, Time: 01:54:49

Health: -2/133     AC: 32    Str: 14    XL:     11   Next: 97%
Magic:  24/24      EV:  2    Int: 15    God:
Gold:   571        SH:  0    Dex: 13    Spells: 25/28 levels left

rFire    + . .     SeeInvis +   a - +1 flail (protect)
rCold    . . .     Gourm    .   (no shield)
rNeg     + + +     Faith    .   (armour currently unavailable)
rPois    +         Spirit   .   (helmet currently unavailable)
rElec    .         Reflect  .   (cloak currently unavailable)
rCorr    .         Harm     .   (gloves currently unavailable)
MR       .....     NoTele   +   (boots currently unavailable)
Stlth    +.........             E - amulet of regeneration
HPRegen  0.72/turn              R - ring of protection from fire
MPRegen  0.19/turn              w - ring of see invisible

@: lethally poisoned (-2 -> -4), tree-form, protection aura
A: powered by pain 1
a: no special abilities


You were on level 2 of the Lair of Beasts.
You were not hungry.
You were a tree.
You visited 3 branches of the dungeon, and saw 13 of its levels.
You also visited: Ossuary.

You collected 837 gold pieces.
You spent 266 gold pieces at shops.

Inventory:

Hand Weapons
 a - a +1 flail of protection (weapon)
 b - a +0 whip of electrocution
 O - a +1 demon whip of pain
Missiles
 p - 5 curare-tipped needles
 D - 7 javelins (quivered)
 F - a throwing net
 I - 6 steel tomahawks
Armour
 j - a +0 helmet (melded)
 l - +0 storm dragon scales (melded)
 C - a +0 pair of gloves (melded)
Magical Staves
 t - an uncursed staff of earth
Jewellery
 n - an uncursed ring of stealth
 w - a ring of see invisible (right branch)
 y - an uncursed ring of flight
 E - an amulet of regeneration (around neck)
 G - an uncursed ring of resist corrosion
 R - a ring of protection from fire (left branch)
Wands
 r - a wand of acid (5)
 H - a wand of flame (29)
 K - a wand of iceblast (7)
 L - a wand of random effects (36)
 M - a wand of enslavement (5)
 Q - a wand of digging (11)
Scrolls
 c - 7 scrolls of teleportation
 d - 3 scrolls of remove curse
 h - 2 scrolls of enchant weapon
 m - 4 scrolls of identify
 s - 2 scrolls of blinking
 x - 6 scrolls of amnesia
 N - a scroll of vulnerability
 S - a scroll of magic mapping
 T - a scroll of fear {unknown}
Potions
 e - a potion of might
 g - 6 potions of cancellation
 i - 2 potions of brilliance
 k - 4 potions of heal wounds
 o - 2 potions of invisibility
 q - 2 potions of magic
 u - 3 potions of flight
 v - 5 potions of haste
 z - 3 potions of ambrosia
 A - 5 potions of curing
 B - a potion of mutation
 P - a potion of resistance {unknown}
Comestibles
 f - 19 rations
 U - 7 chunks of flesh


   Skills:
 + Level 9.5 Fighting
 * Level 10.8 Armour
 - Level 2.0 Dodging
 - Level 1.0 Unarmed Combat
 + Level 9.0 Spellcasting
 - Level 8.0 Conjurations
   Level 1.7 Transmutations
 - Level 2.0 Evocations


You had 25 spell levels left.
You knew the following spells:

 Your Spells              Type           Power        Failure   Level  Hunger
a - Magic Dart            Conj           ####         1%          1    None
b - Blink                 Tloc           N/A          16%         2    None

Your spell library contained the following spells:

 Spells                   Type           Power        Failure   Level  Hunger
 Sting                    Conj/Pois      ###.         1%          1    None
 Throw Frost              Conj/Ice       ###...       3%          2    None
 Conjure Flame            Conj/Fire      ###.....     6%          3    #......
 Stone Arrow              Conj/Erth      ###...       6%          3    #......
 Confusing Touch          Hex            #.....       11%         1    None
 Freeze                   Ice            #...         11%         1    None
 Mephitic Cloud           Conj/Pois/Air  ##......     11%         3    #......
 Call Imp                 Summ           #.......     16%         2    None
 Slow                     Hex            #.......     16%         2    None
 Throw Icicle             Conj/Ice       ###.....     21%         4    ###....
 Confuse                  Hex            #.......     32%         3    #......
 Gell's Gravitas          Tloc           #.........   32%         3    #......
 Ozocubu's Armour         Chrm/Ice       #.......     32%         3    #......
 Teleport Other           Tloc           #.......     32%         3    #......
 Petrify                  Tmut/Erth      #.......     58%         4    ###....
 Summon Ice Beast         Ice/Summ       #.......     71%         4    ###....
 Yara's Violent Unravell  Hex/Tmut       #.........   91%         5    #####..
 Metabolic Englaciation   Hex/Ice        #.........   96%         5    #####..
 Summon Demon             Summ           #.........   96%         5    #####..
 Spellforged Servitor     Conj/Summ      ###.......   100%        7    #######


Dungeon Overview and Level Annotations

Branches:
Dungeon (10/15)            Temple (1/1) D:7            Lair (2/6) D:8
    Orc (0/2) D:10
  Swamp: Lair:2-4    Shoals: Lair:2-4     Snake: Lair:2-4    Spider: Lair:2-4

Altars:
Ashenzari
Cheibriados
Dithmenos
Elyvilon
Fedhas
Gozag
Hepliaklqana
Kikubaaqudgha
Makhleb
Nemelex Xobeh
Okawaru
Qazlal
Ru
Sif Muna
Trog
Uskayaw
Vehumet
Wu Jian
Xom
Yredelemnul
Zin
The Shining One
Beogh

Shops:
D:7 *

Annotations:
D:2 Sigmund
D:10 Sonja
Lair:1 exclusion: 3 oklob plants


Innate Abilities, Weirdness & Mutations

((You have hoof-like feet.))
You sometimes gain a little power by taking damage.
((You are partially covered in sharp spines.))
((When seriously injured, your bleeding wounds create very thick armour. (AC +0)))


Message History

The killer bee is almost dead.
You feel sick.
The killer bee stings you but does no damage.
The killer bee stings you.
* * * LOW HITPOINT WARNING * * *
The killer bee stings you but does no damage. x2
The killer bee stings you.
* * * LOW HITPOINT WARNING * * *
The killer bee stings you but does no damage.
You closely miss the killer bee.
The killer bee is almost dead.
You feel sick.
The killer bee stings you but does no damage.
The killer bee barely misses you. The killer bee stings you.
* * * LOW HITPOINT WARNING * * *
The killer bee stings you.
* * * LOW HITPOINT WARNING * * *
The killer bee stings you but does no damage.
The killer bee stings you.
You die...

#...#.#....##.. .## .
.#...#.#......l ..# . #
.#..#.#.#......##...## ..
..P..#.###...y....#y.#..#
......#.#.#.#....H#yly.##
.......#.#.#.#...YylYy..#
....P...#.#.#.#..yyy.....
#....#.......#.##y##
P.............#.♣#.#
##.............##y##.##.
#.......P.........(...>.
......
#.P.###....<....#.......
......
#..####...##....#....###
#..... ####
#..#..#.P.##....# ##.....
#.....####.#.#### #......
#....### #### #......
##.....## ##.....


You could see an elephant, a hippogriff, a yak, a basilisk, a wyvern and 10
killer bees.

Vanquished Creatures
  3 hydras
  A black mamba (D:8)
  Psyche (D:9)
  5 spiny frogs
  3 komodo dragons (Lair:1)
  2 hornets
  5 blink frogs
  3 hippogriffs
  A wyvern (Lair:2)
  A vampire (D:9)
  13 yaks
  A basilisk (Lair:2)
  Grum (D:9)
  2 water moccasins
  5 porcupines
  Duvessa (D:6)
  6 orc warriors
  A hornet zombie (D:6)
  2 sky beasts
  An eye of draining (D:9)
  3 black bears
  A phantom (D:8)
  3 ogres
  2 centaurs
  2 wolves (D:9)
  6 crocodiles
  A big kobold (D:8)
  8 bullfrogs
  An elf zombie (D:6)
  A gnoll sergeant (D:8)
  Dowan (D:6)
  2 elf skeletons (D:6)
  2 scorpions
  6 killer bees (Lair:2)
  A howler monkey (D:6)
  2 jellies
  3 crimson imps
  4 orc priests
  6 hounds
  A quasit (D:5)
  2 bullfrog skeletons (D:4)
  An iguana (D:5)
  2 human skeletons (D:6)
  13 orc wizards
  8 worker ants
  2 hound zombies
  8 mummies (Ossuary)
  A worker ant zombie (D:5)
  10 gnolls
  8 adders
  A shadow imp (D:10)
  An ooze (D:4)
  An adder zombie (D:5)
  2 adder skeletons
  4 dart slugs
  4 worms
  5 leopard geckos
  47 orcs
  3 giant cockroaches
  A gnoll zombie (Ossuary)
  3 goblins
  3 hobgoblins
  9 jackals
  6 quokkas
  4 ball pythons
  4 bats
  7 frilled lizards
  9 kobolds
  5 kobold zombies (Ossuary)
  A leopard gecko zombie (D:7)
  An orc skeleton (D:6)
  2 orc zombies (Ossuary)
  4 rats
296 creatures vanquished.

Vanquished Creatures (others)
  2 fungi
2 creatures vanquished.

Grand Total: 298 creatures vanquished

Notes
Turn   | Place    | Note
-------+----------+-------------------------------------------
     0 | D:1      | EvilAliv3 the Demonspawn Wanderer began the quest for the
                  | Orb.
     0 | D:1      | EvilAliv3 set off with: a scroll of teleportation, a +0
                  | robe, a +0 club, a ration
     0 | D:1      | Reached XP level 1. HP: 15/15 MP: 3/3
     0 | D:1      | Upgraded the game from 0.23-a0-204-g3eb00d1 to
                  | 0.23-a0-208-gb6b040f
     2 | D:1      | Learned a level 1 spell: Magic Dart
   249 | D:1      | Gained mutation: You are partially covered in sharp spines.
                  | [demonic ancestry]
   249 | D:1      | Reached XP level 2. HP: 21/21 MP: 1/5
   661 | D:2      | Learned a level 2 spell: Blink
   752 | D:2      | Gained mutation: When seriously injured, your bleeding
                  | wounds create armour. (AC +0) [demonic ancestry]
   752 | D:2      | Reached XP level 3. HP: 26/26 MP: 0/6
   829 | D:2      | Reached skill level 1 in Armour
  1114 | D:2      | Found a burning altar of Makhleb.
  1166 | D:2      | Noticed Sigmund
  1875 | D:3      | Reached XP level 4. HP: 21/32 MP: 7/7
  2628 | D:4      | Gained mutation: When seriously injured, your bleeding
                  | wounds create thick armour. (AC +0) [demonic ancestry]
  2628 | D:4      | Reached XP level 5. HP: 25/38 MP: 8/8
  3114 | D:4      | Reached skill level 2 in Armour
  3126 | D:4      | Noticed an ogre
  3473 | D:5      | Entered Level 5 of the Dungeon
  3574 | D:5      | Reached XP level 6. HP: 36/46 MP: 10/10
  3708 | D:5      | Found a shimmering altar of Xom.
  3876 | D:5      | Found a glowing golden altar of the Shining One.
  3926 | D:5      | Found an ancient bone altar of Kikubaaqudgha.
  4070 | D:5      | Found a shadowy altar of Dithmenos.
  4454 | D:4      | Gained mutation: You have large cloven feet. [demonic
                  | ancestry]
  4454 | D:4      | Reached XP level 7. HP: 52/52 MP: 10/12
  4529 | D:4      | Found a sacrificial altar of Ru.
  4791 | D:4      | Found a snail-covered altar of Cheibriados.
  4908 | D:6      | Reached skill level 3 in Armour
  4908 | D:6      | Reached skill level 5 in Conjurations
  4958 | D:6      | Noticed a hippogriff
  5018 | D:6      | Noticed Dowan
  5024 | D:6      | Noticed Duvessa
  5035 | D:6      | Killed Duvessa
  5035 | D:6      | Gained mutation: You sometimes gain a little power by
                  | taking damage. [demonic ancestry]
  5035 | D:6      | Reached XP level 8. HP: 35/60 MP: 14/14
  5037 | D:6      | Killed Dowan
  5084 | D:6      | Found a blossoming altar of Fedhas.
  5143 | D:6      | Found a sand-covered staircase.
  5149 | Ossuary  | Entered an ossuary
  5422 | D:6      | Reached skill level 4 in Armour
  5472 | D:6      | Killed a hippogriff
  5640 | D:6      | Reached skill level 5 in Spellcasting
  5819 | D:6      | Found a hazy altar of Hepliaklqana.
  5821 | D:6      | Found a deep blue altar of Sif Muna.
  5824 | D:6      | Found a bloodstained altar of Trog.
  5845 | D:6      | Reached skill level 5 in Fighting
  5919 | D:6      | Gained mutation: When seriously injured, your bleeding
                  | wounds create very thick armour. (AC +0) [demonic ancestry]
  5919 | D:6      | Reached XP level 9. HP: 47/68 MP: 16/16
  6306 | D:7      | Found Ostropnu's General Store.
  6332 | D:7      | Bought a potion of lignification for 42 gold pieces
  6332 | D:7      | Bought a wand of iceblast (7) for 154 gold pieces
  6332 | D:7      | Bought a potion of heal wounds for 70 gold pieces
  6540 | D:7      | Found a staircase to the Ecumenical Temple.
  6547 | Temple   | Entered the Ecumenical Temple
  6771 | D:7      | Reached skill level 5 in Armour
  7107 | D:8      | Noticed a two-headed ogre
  7269 | D:8      | Paralysed by a hornet for 3 turns
  7385 | D:8      | Found a shattered altar of Ashenzari.
  7585 | D:8      | Found a staircase to the Lair.
  7591 | D:8      | Identified the Guide on Dislocated Summoning
  7670 | D:8      | Reached skill level 6 in Armour
  7888 | D:8      | Found a sparkling altar of Nemelex Xobeh.
  8077 | D:9      | Noticed Grum
  8160 | D:9      | Killed Grum
  8160 | D:9      | Reached XP level 10. HP: 73/77 MP: 19/19
  8261 | D:9      | Paralysed by a hornet for 2 turns
  8329 | D:9      | Noticed Psyche
  8349 | D:9      | Killed Psyche
  8495 | D:9      | Reached skill level 7 in Armour
  8908 | D:10     | Entered Level 10 of the Dungeon
  8961 | D:10     | Noticed Sonja
  9103 | D:10     | Found a staircase to the Orcish Mines.
  9696 | D:10     | Found a roughly hewn altar of Beogh.
 10644 | Lair:1   | Entered Level 1 of the Lair of Beasts
 10651 | Lair:1   | Noticed a black mamba
 10661 | D:8      | Reached skill level 8 in Armour
 10735 | D:8      | Upgraded the game from 0.23-a0-208-gb6b040f to
                  | 0.23-a0-241-g3b46b07
 10756 | D:8      | Killed a black mamba
 10898 | Lair:1   | Noticed a seven-headed hydra
 10911 | Lair:1   | Killed a seven-headed hydra
 10911 | Lair:1   | Gained mutation: You have hoof-like feet. [demonic
                  | ancestry]
 10911 | Lair:1   | Reached XP level 11. HP: 18/86 MP: 22/22
 11071 | Lair:1   | Reached skill level 9 in Armour
 11208 | Lair:1   | Got a warped leather armour
 11394 | Lair:1   | Identified the cursed +1 leather armour of the Learner
                  | {*Drain MR+ Regen+ Dex+4} (You found it on level 1 of the
                  | Lair of Beasts)
 11526 | Lair:1   | Noticed an oklob plant
 11526 | Lair:1   | Noticed an oklob plant
 11526 | Lair:1   | Noticed an oklob plant
 11574 | Lair:1   | Noticed a four-headed hydra
 11590 | Lair:1   | Killed a four-headed hydra
 11969 | Lair:1   | Reached skill level 10 in Armour
 12555 | Lair:2   | Noticed a catoblepas
 13052 | Lair:2   | Noticed a seven-headed hydra
 13063 | Lair:2   | Killed a seven-headed hydra
 13068 | Lair:2   | HP: 4/133 [killer bee (6)]
 13068 | Lair:2   | Slain by a killer bee

Vault maps used:
D:1:      dpeg_arrival_round_c, serial_bayou_crossing
D:2:      lemuel_doored_altar, uniq_sigmund
D:3:      minmay_strange_pillars, minmay_tree_intersection
D:4:      nicolae_ru_great_annihilating_truth, kennysheep_mini
D:5:      kennysheep_little_box, lemuel_round_altar,
          nicolae_overflow_crystal_walls, first_ration, tgw_xom
D:6:      grunt_temple_overflow_open, fedhas_altar_2,
          nicolae_ossuary_entry_catacombs, grunt_ministairs_7, uniq_duvessa
D:7:      temple_fountains, serial_shops, shop
D:8:      lemuel_crystal_altar, lair_entry_dummy, evilmike_ruin_ashenzari
D:9:      uniq_psyche, uniq_grum
D:10:     minmay_orc_entry_temple_small, uniq_sonja
Temple:   grunt_temple_mini_profane
Lair:1:   beast_lair_carwin_6, infiniplex_staircase_pool, grunt_megastairs_3,
          minmay_lair_oklob_chamber
Lair:2:   hangedman_what_comes_after_a
Ossuary:  ossuary_tomb_3

Skill      XL: |  1  2  3  4  5  6  7  8  9 10 11 |
---------------+----------------------------------+-----
Conjurations   | 2 3 4 5 7 8 |  8.0
Armour         | 1 2 3 4 6 8 10 | 10.8
Fighting       | 2 3 5 6 8 9 |  9.5
Dodging        | 2 |  2.0
Spellcasting   | 3 4 5 6 7 9 |  9.0
Unarmed Combat | |  1.0
Transmutations | |  1.7
Evocations     | |  2.0

Action                   |  1- 3 |  4- 6 |  7- 9 | 10-12 || total
-------------------------+-------+-------+-------+-------++-------
Melee: Club              |    86 |     6 |       |       ||    92
       Punch             |     2 |       |     1 |     1 ||     4
       Whip              |       |    89 |       |    14 ||   103
       Flail             |       |    79 |   341 |   419 ||   839
       Kick              |       |       |   105 |   113 ||   218
 Cast: Magic Dart        |    55 |       |    21 |    41 ||   117
Evoke: Wand              |       |       |     2 |       ||     2
  Use: Scroll            |     3 |     5 |    14 |     5 ||    27
       Potion            |       |       |       |     5 ||     5
 Stab: Paralysed         |       |       |     1 |       ||     1
  Eat: Chunk             |     5 |     7 |    13 |    10 ||    35
       Ration            |       |       |       |     2 ||     2
Armor: Robe              |     3 |       |       |       ||     3
       Storm dragon scal |    22 |   113 |   319 |   490 ||   944
       Skin              |       |       |       |    26 ||    26
Dodge: Dodged            |    41 |    59 |   162 |   250 ||   512

Table legend:
 A = Non-vault XP
 B = Vault XP
 C = Vault XP percentage of total XP
 D = Non-vault monster count
 E = Vault monster count
 F = Vault count percentage of total count
                 A         B        C        D         E       F
            +---------+---------+-------+---------+---------+-------
      Total |   17266 |    4363 |  20.2 |     234 |      62 |  20.9
            +---------+---------+-------+---------+---------+-------
        D:1 |      30 |       0 |   0.0 |      16 |       0 |   0.0
        D:2 |      65 |       0 |   0.0 |      15 |       0 |   0.0
        D:3 |      50 |       0 |   0.0 |      15 |       0 |   0.0
        D:4 |     428 |      60 |  12.3 |      20 |       4 |  16.7
        D:5 |     312 |       9 |   2.8 |      14 |       3 |  17.6
        D:6 |    1316 |     653 |  33.2 |      29 |      10 |  25.6
        D:7 |     983 |       0 |   0.0 |      26 |       0 |   0.0
        D:8 |    2288 |     143 |   5.9 |      29 |       1 |   3.3
        D:9 |    1393 |     846 |  37.8 |      18 |       4 |  18.2
       D:10 |     572 |     519 |  47.6 |      16 |      11 |  40.7
     Lair:1 |    7063 |    1254 |  15.1 |      26 |       5 |  16.1
     Lair:2 |    2766 |     725 |  20.8 |      10 |       8 |  44.4
    Ossuary |       0 |     154 | 100.0 |       0 |      16 | 100.0
            +---------+---------+-------+---------+---------+-------
